 Dungeon Crawl Stone Soup version 0.27.0-1-g7a089689b8 (webtiles) character file.

Game seed: 5434230828640762180

37 sanka the Bolt Thrower (level 3, -7/27 HPs)
             Began as a Vampire Hunter on Aug 4, 2021.
             Mangled by Sigmund (9 damage)
             ... on level 2 of the Dungeon.
             The game lasted 00:01:04 (973 turns).

sanka the Bolt Thrower (Vampire Hunter)              Turns: 973, Time: 00:01:04

Health: -7/27      AC:  3    Str: 11    XL:     3   Next: 21%
Magic:  3/3        EV: 12    Int: 14    God:
Gold:   61         SH:  0    Dex: 14    Spells: 2/2 levels left

rFire    . . .     SeeInvis +   a - +1 hand crossbow
rCold    . . .     Faith    .   (no shield)
rNeg     . . .     Spirit   .   c - +0 leather armour
rPois    .         Reflect  .   (no helmet)
rElec    .         Harm     .   (no cloak)
rCorr    .         Rampage  .   (no gloves)
Will     .....                  (no boots)
Stlth    ++........             (no amulet)
HPRegen  0.29/turn              (no ring)
MPRegen  0.08/turn              (no ring)

@: healing quickly
A: alive, fangs 3, see invisible, vampiric 2
a: Exsanguinate


You were on level 2 of the Dungeon.
You visited 1 branch of the dungeon, and saw 2 of its levels.

You collected 61 gold pieces.


Innate Abilities, Weirdness & Mutations

Your natural rate of healing is accelerated.
You have razor-sharp teeth.
You have supernaturally acute eyesight. (SInv)
You are afflicted with vampirism and can become a bat while bloodless.


   Skills:
 - Level 1.7 Fighting
 - Level 3.2 Crossbows
 - Level 2.1 Dodging
 - Level 1.5 Stealth
 + Level 3.2 Unarmed Combat


You had 2 spell levels left.
You didn't know any spells.
Your spell library contained the following spells:

 Spells                   Type           Power      Damage    Failure   Level
 Stone Arrow              Conj/Erth      0%         3d7       75%         3
 Animate Armour           Summ/Erth      0%         N/A       98%         4
 Lehudib's Crystal Spear  Conj/Erth      0%         10d2      100%        8

Inventory:

Hand Weapons
 a - a +1 hand crossbow (weapon)
 b - a +0 short sword
Missiles
 d - 10 bolts (quivered ammo)
Armour
 c - a +0 leather armour (worn)
Scrolls
 e - 2 scrolls of identify {unknown}
 f - a scroll of magic mapping {unknown}
 h - a scroll of immolation {unknown}
 i - a scroll of blinking {unknown}
 j - a scroll of vulnerability {unknown}
Potions
 g - a potion of cancellation {unknown}

Dungeon Overview and Level Annotations

Branches:
Dungeon (2/15)

Altars:

Annotations:
D:2 Sigmund

▒.▒.............
▒.▒....▒▒▒▒▒▒▒<.
▒.▒.▒...>.......
▒...............
▒▒▒▒▒▒▒.....▒..▒▒.▒
▒....<▒▒▒▒........▒
▒.▒▒▒▒▒▒▒▒.....▒▒▒▒▒
▒...................
▒▒▒▒▒▒▒▒▒▒▒▒V.▒▒▒▒▒▒
...((.@........
▒▒▒▒▒▒.....▒▒▒▒
▒▒..(..▒ ▒.......
▒........ ▒........
▒...▒....


You could see Sigmund.


Message History

Sigmund is heavily wounded.
Sigmund barely misses you.
You shoot a bolt.
The bolt hits Sigmund but does no damage.
Sigmund is heavily wounded.
Sigmund misses you.
You shoot a bolt.
The bolt hits Sigmund but does no damage.
Sigmund is heavily wounded.
Sigmund casts a spell at you. The magic dart hits you!
You shoot a bolt. The bolt closely misses Sigmund.
Sigmund hits you with a +0 scythe!
* * * LOW HITPOINT WARNING * * *
Sigmund hits you with a +0 scythe!
* * * LOW HITPOINT WARNING * * *
Unknown command.
You shoot a bolt. The bolt completely misses Sigmund.
Sigmund misses you.
You shoot a bolt. The bolt hits Sigmund.
Sigmund is severely wounded.
Sigmund misses you.
You shoot a bolt. The bolt closely misses Sigmund.
Sigmund barely misses you. Sigmund hits you with a +0 scythe!
You die...

Action                   || total
-------------------------++-------
Melee: Short sword       ||     1
 Fire: Hand crossbow     ||    59
Armor: Leather armour    ||     6
Dodge: Dodged            ||    12

Levels and vault maps discovered:
D:1:      tarquinn_simple_flora_water_e, layout_loops_cross,
          shapermc_ecumenical_altar_petra
D:2:      layout_basic, minmay_parallelograms, minmay_rat_gold_closets,
          uniq_sigmund

Notes
Turn   | Place    | Note
-------+----------+-------------------------------------------
     0 | D:1      | sanka the Vampire Hunter began the quest for the Orb.
     0 | D:1      | Reached XP level 1. HP: 16/16 MP: 1/1
    39 | D:1      | Reached skill level 1 in Unarmed Combat
   196 | D:1      | Reached XP level 2. HP: 22/22 MP: 2/2
   309 | D:1      | Reached skill level 2 in Unarmed Combat
   880 | D:1      | Found a faded altar of an unknown god.
   919 | D:2      | Reached skill level 3 in Unarmed Combat
   919 | D:2      | Gained mutation: You are afflicted with vampirism and can
                  | become a bat while bloodless. [Vampire growth]
   919 | D:2      | Reached XP level 3. HP: 27/27 MP: 3/3
   961 | D:2      | Noticed Sigmund
   970 | D:2      | HP: 1/27 [Sigmund (11)]
   973 | D:2      | Mangled by Sigmund

Vanquished Creatures
  An adder (D:2)
  3 dart slugs (D:1)
  2 ball pythons (D:1)
  An endoplasm (D:1)
  A giant cockroach (D:1)
  2 goblins (D:1)
  2 hobgoblins (D:1)
  A kobold (D:1)
  A quokka (D:1)
  3 bats (D:1)
  4 frilled lizards (D:1)
21 creatures vanquished.

Vanquished Creatures (others)
  A plant (D:1)
1 creature vanquished.

Grand Total: 22 creatures vanquished
